 Dungeon Crawl Stone Soup version 0.30-a0-883-g5ad918d77d (webtiles) character file.

Game seed: 9081827984895809037

175 ytrimaz the Chopper (level 5, -7/45 HPs)
             Began as a Minotaur Berserker on Mar 16, 2023.
             Was a Priest of Trog.
             Mangled by a gnoll
             ... wielding a +0 heavy flail
              (13 damage)
             ... on level 4 of the Dungeon.
             The game lasted 00:02:46 (2597 turns).

ytrimaz the Chopper (Minotaur Berserker)            Turns: 2597, Time: 00:02:46

Health: -7/45      AC:  9    Str: 23    XL:     5   Next: 29%
Magic:  4/4        EV:  8    Int:  4    God:    Trog [***...]
Gold:   105        SH:  0    Dex: 10    Spells: 4/4 levels left

rFire   . . .      SeeInvis .    a - +0 hand axe
rCold   . . .      Faith    .    (no shield)
rNeg    . . .      Spirit   .    q - +0 chain mail
rPois   .          Reflect  .    (helmet restricted)
rElec   .          Rampage  .    (no cloak)
rCorr   .                        (no gloves)
Will    .....                    (no boots) Stlth
                                 (no amulet)
HPRegen 0.27/turn                (no ring)
MPRegen 0.09/turn                (no ring)

@: invisible
A: horns 2, retaliatory headbutt
a: Renounce Religion, Berserk, Trog's Hand


You were on level 4 of the Dungeon.
You worshipped Trog.
Trog was most pleased with you.
You visited 1 branch of the dungeon, and saw 4 of its levels.

You collected 105 gold pieces.


Innate Abilities, Weirdness & Mutations

You have a pair of horns on your head.
You reflexively headbutt those who attack you in melee.


   Skills:
 - Level 3.6 Fighting
 + Level 5.7 Axes
 + Level 5.0 Armour
 - Level 2.1 Dodging


You had 4 spell levels left.
You didn't know any spells.
Your spell library was empty.

Inventory:

Hand Weapons
 a - a +0 hand axe (weapon)
Armour
 b - a +0 animal skin
 q - a +0 chain mail (worn)
   (You found it on level 3 of the Dungeon)
Jewellery
 j - a ring of magical power
   (You found it on level 1 of the Dungeon)
Scrolls
 l - a scroll of poison
 m - a scroll of vulnerability {unknown}
 o - a scroll of fear {unknown}
 p - a scroll of silence {unknown}
 r - a scroll of teleportation {unknown}
Potions
 c - a potion of curing
 d - a potion of ambrosia {unknown}
 e - 2 potions of flight
 g - 2 potions of heal wounds {unknown}
 h - a potion of brilliance {unknown}
 i - a potion of might {unknown}
 k - a potion of cancellation {unknown}
 n - a potion of resistance {unknown}

Dungeon Overview and Level Annotations

Branches:
Dungeon (4/15) Zot: 21382  Temple (0/1) D:4

Altars:

####.†.#.#.........
##
#.....####.........
~
#......#.#....#....
#~#~...#......#.##..
#~#~)..#....#.##....
#~~~~..#...##.# ..
#~#~.....#.......
#~~~.).#.#...#..[
#~#.@g.##...... .
#~~Krg......##.#
#~~!g..###.## .#
....>..g..# #.# .
..........# ..
...#...g... ##
..##.g..##.. ..
....## #.. ..... ..>


You could see 5 gnolls, a hobgoblin (unable to see you), a kobold (unable to see
you) and a rat (unable to see you).


Message History

Unknown command.
The gnoll barely misses you.
The gnoll hits you with a +1 vampiric spear. 😕 HP[-1]
You take 1 damage, and now have 39/45 hp.
You hit the gnoll. x2; You hit the rat. The gnoll hits you but does no damage.
The rat bites you but does no damage.
The gnoll hits you with a +0 heavy flail! 😮 HP[-6]
You take 6 damage, and now have 33/45 hp.
Unknown command.
You are too injured to fight recklessly!
You barely miss the gnoll. You headbutt the gnoll!
You kill the gnoll!
Trog accepts your kill.
You closely miss the gnoll. You barely miss the rat.
The rat closely misses you.
You are too injured to fight recklessly!
A kobold comes into view. It is wielding a +0 dagger.
The kobold shouts!
A gnoll comes into view. It is wielding a +0 spear.
The rat barely misses you.
Things that are here:
a +1 vampiric spear; a gnoll corpse Unknown command.
The gnoll attacks as you move away! The gnoll closely misses you.
A gnoll comes into view. It is wielding a +0 spear.
Found a staircase to the Ecumenical Temple.
The gnoll shouts! x2
The gnoll throws a throwing net.
The throwing net hits you.
You become entangled in the net!
A hobgoblin comes into view.
You see here a throwing net.
You struggle against the net.
The hobgoblin shouts!
The rat bites you.
The gnoll hits you with a +0 heavy flail. 😮 HP[-5]
You take 5 damage, and now have 28/45 hp.
You struggle against the net.
The rat bites you but does no damage.
You shred the net and break free!
A gnoll comes into view. It is wielding a +0 heavy spear.
The gnoll throws a throwing net.
The throwing net hits you.
You become entangled in the net!
The gnoll hits you with a +0 heavy flail.
* * * LOW HITPOINT WARNING * * *
The rat bites you.
* * * LOW HITPOINT WARNING * * *
😨 HP[-8]
You take 8 damage, and now have 20/45 hp.
You struggle against the net.
The gnoll shouts!
The kobold hits you with a +0 dagger.
* * * LOW HITPOINT WARNING * * *
The rat bites you but does no damage.
The gnoll hits you with a +0 heavy flail.
* * * LOW HITPOINT WARNING * * *
😨 HP[-5]
You take 5 damage, and now have 15/45 hp.
Unknown command.
You struggle against the net.
The kobold hits you but does no damage. The rat bites you but does no damage.
Unknown command.
You shred the net and break free! The kobold closely misses you.
The gnoll hits you with a +0 heavy flail.
* * * LOW HITPOINT WARNING * * *
The rat bites you.
* * * LOW HITPOINT WARNING * * *
😱 HP[-5]
You take 5 damage, and now have 10/45 hp.
You feel better. The gnoll barely misses you.
A gnoll comes into view. It is wielding a +0 club.
The gnoll barely misses you. The kobold completely misses you.
You furiously retaliate!
You headbutt the kobold. The rat bites you but does no damage.
The gnoll hits you with a +0 heavy flail!
* * * LOW HITPOINT WARNING * * *
😱 HP[-2]
You take 2 damage, and now have 8/45 hp.
Okay, then.
You fade into invisibility!
The gnoll shouts!
The gnoll hits you from afar with a +0 spear.
* * * LOW HITPOINT WARNING * * *
The hobgoblin hits you but does no damage.
The kobold hits you with a +0 dagger.
* * * LOW HITPOINT WARNING * * *
😱 HP[-6]
You take 6 damage, and now have 2/45 hp.
Unknown command.
You feel better. The hobgoblin barely misses you.
The kobold hits you but does no damage.
The gnoll hits you with a +0 heavy flail.
* * * LOW HITPOINT WARNING * * *
The gnoll barely misses you. x2 😱 HP[+4]
You regained 4 hp, and now have 6/45 hp.
The gnoll hits you with a +0 heavy flail!
You die...

Skill      XL: |  1  2  3  4  5 |
---------------+----------------+-----
Axes           | 4 5 |  5.7
Armour         | 3 4 5 |  5.0
Fighting       | |  3.6
Dodging        | |  2.1

Action                     |  1- 3 |  4- 6 || total
---------------------------+-------+-------++-------
  Melee: Hand axe          |    81 |   102 ||   183
         Headbutt          |    12 |    13 ||    25
         Punch             |       |     1 ||     1
 Invoke: Berserk           |       |     1 ||     1
    Use: Scroll            |     4 |     2 ||     6
         Potion            |       |     3 ||     3
   Stab: Sleeping          |     1 |     1 ||     2
 Armour: Animal skin       |    15 |    16 ||    31
         Chain mail        |       |    26 ||    26
  Dodge: Dodged            |    45 |    65 ||   110

Levels and vault maps discovered:
D:1:      elethiomel_arrival_maze, layout_basic, minmay_distorted
D:2:      layout_loops_corners, hex_medium
D:3:      layout_basic, kennysheep_boxes
D:4:      layout_cave_pools, mainiacjoe_overflow_alcove_2, temple_statues,
          lightli_sewer_entry_pipes

Notes
Turn   | Place    | Note
-------+----------+-------------------------------------------
     0 | D:1      | ytrimaz the Minotaur Berserker began the quest for the Orb.
     0 | D:1      | Reached XP level 1. HP: 19/19 MP: 0/0
     0 | D:1      | magus.rc [v1.9.6]
   195 | D:1      | Reached skill level 4 in Axes
   202 | D:1      | Reached skill level 3 in Armour
   202 | D:1      | Reached XP level 2. HP: 22/26 MP: 1/1
   401 | D:1      | Reached XP level 3. HP: 31/31 MP: 2/2
   747 | D:2      | Reached ** piety under Trog
  1152 | D:2      | Reached skill level 4 in Armour
  1313 | D:2      | Reached XP level 4. HP: 33/39 MP: 3/3
  1487 | D:2      | Reached skill level 5 in Axes
  2321 | D:3      | Reached *** piety under Trog
  2532 | D:4      | Reached XP level 5. HP: 45/45 MP: 4/4
  2583 | D:4      | Reached skill level 5 in Armour
  2587 | D:4      | Found a staircase to the Ecumenical Temple.
  2593 | D:4      | HP: 11/45 [gnoll/+0 heavy flail (4)]
  2595 | D:4      | HP: 4/45 [gnoll/+0 spear (5)]
  2597 | D:4      | Mangled by a gnoll

Vanquished Creatures
  2 gnolls (D:4)
  4 adders
  4 worms
  4 dart slugs
  12 orcs (D:3)
  7 ball pythons
  5 endoplasms
  A giant cockroach (D:1)
  8 goblins
  6 hobgoblins
  4 jackals (D:3)
  7 kobolds
  4 quokkas
  8 bats
  2 frilled lizards
  8 rats
86 creatures vanquished.

Vanquished Creatures (others)
  4 plants (D:3)
4 creatures vanquished.

Grand Total: 90 creatures vanquished

Table legend:
 A = Non-vault XP
 B = Vault XP
 C = Vault XP percentage of total XP
 D = Non-vault monster count
 E = Vault monster count
 F = Vault count percentage of total count
                 A         B        C        D         E       F
            +---------+---------+-------+---------+---------+-------
      Total |     218 |      33 |  13.1 |      82 |       4 |   4.7
            +---------+---------+-------+---------+---------+-------
        D:1 |      46 |       0 |   0.0 |      22 |       0 |   0.0
        D:2 |      62 |       0 |   0.0 |      21 |       0 |   0.0
        D:3 |      78 |       0 |   0.0 |      35 |       0 |   0.0
        D:4 |      32 |      33 |  50.8 |       4 |       4 |  50.0
            +---------+---------+-------+---------+---------+-------

Illustrated notes

Table legend:
 A = Kills in this place as a percentage of kills in the entire game.
 B = Kills by you in this place as a percentage of kills by you in the entire game.
 C = Kills by friends in this place as a percentage of kills by friends in the entire game.
 D = Other kills in this place as a percentage of other kills in the entire game.
 E = Experience gained in this place as a percentage of experience gained in the entire game.
 F = Experience gained in this place divided by the number of levels of this place that you have seen.
                   A       B       C       D       E      F
               +-------+-------+-------+-------+-------+----------------------
         Total | 100.0 | 100.0 |   N/A |   N/A | 100.0 |  62.8
       Dungeon | 100.0 | 100.0 |   N/A |   N/A | 100.0 |  62.8
               +-------+-------+-------+-------+-------+----------------------

Table legend: (Time is in decaauts)
 A = Elapsed time spent in this place.
 B = Non-inter-level travel time spent in this place.
 C = Inter-level travel time spent in this place.
 D = Time resting spent in this place.
 E = Time spent auto-exploring this place.
 F = Levels seen in this place.
 G = Mean time per level.
                   A        B        C        D        E       F      G
               +--------+--------+--------+--------+--------+-----+--------+
         Total |   2616 |   2544 |     72 |      0 |   1989 |   4 |  654.0 |
       Dungeon |   2616 |   2544 |     72 |      0 |   1989 |   4 |  654.0 |
               +--------+--------+--------+--------+--------+-----+--------+

Top non-repeatable levels by time:
     D:2: 990 daAuts
     D:3: 865 daAuts
     D:1: 682 daAuts
     D:4: 78 daAuts
